Map: Bridgehead LE (Void)

Players

itsbetaboys

  • Race: Terran Terran
  • League: Bronze

ukilledbambi - Winner!

  • Race: Zerg Zerg
  • League: Grandmaster

VOD

Have the link to the VOD?

Description

tvzgame

Time

  • Played on: Oct. 19, 2015, 12:38 a.m.
  • Length: 19:16
Show
View Real Time Build Order
Export as new Build Order

itsbetaboys Terran 

Build Orders: Command Center First (CC), MMM Bio 

Get SALT Encoding   

  12  0:01  SCV  
  13  0:13  SCV  
  14  0:22  Supply Depot  
  14  0:25  SCV  
  15  0:44  SCV  
  16  1:00  Command Center  
  16  1:10  SCV  
  17  1:13  Refinery  
  17  1:22  Barracks  
  17  1:24  SCV  
  18  1:39  SCV  
  19  1:49  Refinery  
  19  1:54  SCV  
  20  2:06  SCV  
  21  2:10  Supply Depot  
  20  2:15  Barracks Tech Lab  
  20  2:18  Orbital Command  
  20  2:20  Orbital Command  
  20  2:34  Marine  
  21  2:44  Bunker  
  21  2:46  SCV  
  21  2:47  SCV  
  23  2:52  Marine  
  24  2:59  SCV x2  
  24  3:03  Factory  
  26  3:11  SCV  
  27  3:23  Barracks  
  27  3:25  SCV, Stimpack  
  27  3:26  SCV  
  29  3:37  Barracks  
  29  3:38  SCV  
  30  3:43  SCV  
  31  3:50  SCV  
  31  3:53  Factory Reactor, Starport  
  31  3:55  SCV  
  33  4:01  Engineering Bay  
  33  4:02  SCV, Engineering Bay  
  34  4:07  SCV  
  34  4:08  Supply Depot  
  35  4:12  Refinery  
  35  4:14  SCV, Marauder  
  39  4:29  Barracks Reactor  
  38  4:32  Barracks Tech Lab  
  38  4:47  Terran Infantry Weapons Level 1  
  38  4:48  Terran Infantry Armor Level 1, Armory  
  38  4:49  SCV x2  
  42  4:53  Marauder x2  
  42  4:55  Medivac  
  46  5:01  SCV  
  46  5:02  SCV  
  46  5:03  Refinery  
  46  5:06  Marine  
  46  5:07  Marine  
  49  5:10  Medivac  
  49  5:13  Marine  
  53  5:14  Marine  
  53  5:19  Supply Depot  
  53  5:22  Supply Depot  
  53  5:24  Marine x2  
  53  5:25  Medivac  
  57  5:31  Marine  
  58  5:36  Marine  
  58  5:38  Combat Shields  
  58  5:42  Marine x2  
  61  5:49  Marine  
  62  5:52  Medivac  
  62  5:54  Marine  
  65  5:59  Barracks  
  65  6:02  Barracks  
  65  6:04  SCV  
  65  6:07  Marauder  
  65  6:08  Marine  
  65  6:09  Marine  
  70  6:11  Marine  
  71  6:19  Viking  
  71  6:23  Medivac  
  75  6:26  Marine x2  
  77  6:36  Supply Depot  
  77  6:37  Supply Depot  
  77  6:44  Marine  
  78  6:58  Marauder x2, Marine x3  
  78  7:00  Supply Depot x2  
  78  7:01  Supply Depot, Medivac  
  85  7:02  Supply Depot x2, Medivac, Marine  
  90  7:15  Marine x3  
  90  7:19  Marine  
  90  7:21  Marine x2  
  83  7:31  Medivac  
  83  7:33  Marine x3  
  80  7:37  Marine  
  80  7:39  Marine x2  
  77  7:44  Orbital Command  
  77  7:47  Medivac  
  77  7:48  Orbital Command  
  77  7:50  Terran Infantry Weapons Level 2  
  79  7:51  Marine x3  
  79  7:55  Marine  
  79  7:56  Terran Infantry Armor Level 2  
  79  7:57  Marine x2  
  85  8:01  Medivac  
  87  8:09  Marine  
  88  8:13  SCV x2  
  88  8:15  Marine  
  88  8:16  Marine x2  
  93  8:21  Marine x2  
  93  8:27  Marine  
  96  8:37  Marine  
  96  8:38  Marine x2  
  96  8:39  Marine  
  96  8:40  Marauder  
  102  8:44  Marine  
  103  8:55  Marine x2  
  85  8:56  Marine  
  81  9:06  Marine x3  
  81  9:08  SCV  
  81  9:09  SCV  
  74  9:13  Marine  
  75  9:20  SCV  
  75  9:21  SCV  
  77  9:26  Marine  
  77  9:27  Marine x3  
  81  9:33  SCV x2  
  81  9:37  Marine  
  84  9:38  Marine  
  84  9:40  Medivac  
  84  9:45  SCV x2  
  89  9:54  Marine x2  
  89  9:57  SCV x2  
  93  10:00  Marine x3  
  93  10:03  Marine  
  97  10:12  Marine x2  
  99  10:18  Marine x3  
  99  10:20  Marine  
  74  10:29  Marine  
  74  10:30  Marine  
  67  10:35  Marine  
  67  10:36  Marine x2  
  67  10:38  SCV, Marine  
  70  10:47  Marine x2  
  72  10:53  Marine  
  72  10:54  Marine  
  72  10:56  Marine  
  72  10:57  Marine  
  75  11:01  Command Center  
  76  11:04  SCV x2  
  76  11:05  Marine x2  
  80  11:12  Marine x2  
  80  11:14  Marine  
  80  11:16  SCV  
  80  11:17  SCV  
  85  11:23  Terran Infantry Weapons Level 3  
  85  11:28  SCV  
  85  11:29  SCV  
  87  11:33  Marine x4  
  87  11:34  Marine  
  92  11:40  Marine  
  93  11:47  Terran Infantry Armor Level 3  
  93  11:51  Marine x3  
  96  11:58  Marauder  
  96  11:59  Marauder  
  100  12:05  SCV x2  
  102  12:12  Marine x2  
  102  12:13  Marine  
  105  12:20  Marauder  
  107  12:27  SCV x2  
  102  12:34  Marine x4  
  102  12:35  Marine  
  104  12:41  Marine  
  105  12:45  Orbital Command  
  105  12:48  Barracks  
  105  12:50  Barracks  
  105  12:52  Marine x4  
  105  12:57  Medivac  
  105  12:58  Marine, Medivac  
  115  13:08  Barracks Tech Lab  
  115  13:10  Marine x2  
  115  13:11  Barracks Tech Lab, Marauder  
  118  13:15  Barracks  
  118  13:17  Marauder  
  118  13:18  Barracks  
  120  13:25  Supply Depot  
  120  13:26  Supply Depot  
  120  13:27  Marine  
  120  13:28  Supply Depot, Marine  
  120  13:29  Supply Depot, Marauder x2  
  120  13:31  Supply Depot  
  120  13:32  Marauder  
  128  13:37  Barracks, Marine x2  
  128  13:38  Marine  
  131  13:45  Marine  
  132  13:50  Marauder  
  132  13:51  Marauder  
  132  13:54  Marine, Marauder  
  132  13:55  Marine  
  139  14:01  Marine x2  
  142  14:13  Marine x2  
  142  14:14  Marine x3  
  142  14:15  Sensor Tower, Marine x2  
  149  14:18  SCV  
  149  14:19  SCV  
  149  14:21  Marine x2  
  149  14:22  Marauder  
  155  14:33  Marauder x2  
  155  14:35  Marine x2  
  155  14:36  Marine  
  155  14:37  Marine  
  163  14:39  Marine  
  164  14:47  Marine  
  164  14:48  Marine  
  164  14:49  Sensor Tower  
  164  14:51  Marine  
  167  14:59  Marine x3  
  169  15:00  Marine  
  171  15:07  Supply Depot  
  171  15:14  Marine x2  
  173  15:28  Viking  
  173  15:32  Supply Depot  
  175  15:36  Marine  
  175  15:37  Marine x4  
  175  15:38  Marine  
  181  15:45  Orbital Command  
  181  15:47  Marine  
  182  15:52  Medivac  
  182  15:53  Marine  
  182  15:55  Supply Depot, Marauder  
  187  16:05  Marine x3  
  187  16:06  Marine  
  187  16:07  Marine  
  192  16:21  Marine x3  
  195  16:53  Marine x3  
  195  16:54  Marine x2  
  195  17:14  Marine x2  
  195  17:15  Marine x5  
  178  17:16  Marine  
  178  17:22  Marine x3  
  116  17:32  Marine x3  
  116  17:33  Marine x5  
  107  17:40  Marine x3  
  110  17:45  Barracks, Medivac  
  110  17:46  Barracks  
  110  17:50  Refinery, Marine x4  
  110  17:51  Marine x4  
  117  17:53  Refinery  
  117  17:58  Marine x3  
  107  18:08  Marine x5  
  107  18:09  Marine x3  
  115  18:16  SCV x3  
  118  18:20  Marine x2  
  118  18:27  Marine x4  
  118  18:28  SCV x2, Marine x2  
  118  18:32  Marine x3  
  118  18:37  Marine  
  118  18:38  Marine  
  93  18:45  Marine x4  
  93  18:46  Marine  
  85  18:49  Marine  
  85  18:50  Marine x2  
  73  18:55  Marine  
  73  18:56  Marine  
Show
View Real Time Build Order
Export as new Build Order

ukilledbambi Zerg - Winner!

Build Orders: Hatch First 

Get SALT Encoding   

  12  0:01  Drone  
  13  0:09  Drone  
  14  0:16  Extractor  
  14  0:19  Overlord  
  13  0:24  Drone  
  15  0:38  Drone x2  
  17  0:45  Drone  
  18  1:02  Hatchery  
  17  1:11  Spawning Pool  
  17  1:12  Drone  
  17  1:16  Drone  
  18  1:21  Extractor  
  18  1:22  Drone  
  18  1:29  Drone  
  19  1:50  Drone x2  
  21  1:58  Queen, Extractor  
  21  2:00  Overlord  
  22  2:11  Roach Warren  
  22  2:12  Drone  
  22  2:16  Overlord  
  22  2:22  Drone  
  23  2:29  Drone  
  24  2:34  Metabolic Boost  
  24  2:36  Drone x2  
  26  2:44  Drone  
  27  2:52  Drone  
  28  3:12  Drone x2  
  30  3:13  Roach x3  
  30  3:14  Roach x2  
  40  3:22  Lair  
  40  3:25  Drone  
  40  3:26  Drone  
  42  3:37  Drone  
  42  3:38  Drone  
  44  3:47  Overlord x2  
  44  4:03  Evolution Chamber  
  44  4:04  Queen  
  44  4:06  Drone x3  
  44  4:07  Drone x3  
  51  4:18  Roach x2  
  55  4:27  Drone  
  55  4:28  Drone, Roach  
  59  4:31  Overlord  
  59  4:32  Overlord  
  59  4:33  Extractor  
  59  4:35  Extractor  
  59  4:37  Drone  
  58  4:40  Overseer  
  58  4:43  Pneumatized Carapace  
  58  4:45  Roach  
  60  5:04  Roach  
  62  5:09  Drone  
  62  5:10  Drone x3  
  62  5:11  Zerg Missile Weapons Level 1  
  62  5:12  Roach x2  
  70  5:33  Evolution Chamber  
  70  5:35  Roach x2  
  73  5:36  Hydralisk Den  
  73  5:37  Roach x2  
  73  5:38  Glial Reconstitution  
  76  5:43  Overseer  
  76  6:01  Zerg Ground Armor Level 1  
  76  6:02  Overlord x3  
  76  6:11  Muscular Augments  
  76  6:20  Queen  
  76  6:22  Hydralisk  
  76  6:23  Hydralisk x5  
  90  6:35  Spore Crawler, Drone x2  
  90  6:36  Drone, Spore Crawler  
  91  6:41  Spore Crawler  
  91  6:44  Spore Crawler x2  
  91  6:45  Hydralisk x2  
  91  6:46  Spore Crawler, Hydralisk x2  
  95  7:03  Roach x2  
  99  7:27  Roach x3  
  85  7:34  Roach  
  85  7:35  Roach x2  
  83  7:57  Roach x4  
  91  8:06  Overseer  
  91  8:09  Roach x3  
  97  8:16  Drone  
  98  8:37  Roach  
  98  8:39  Overlord x4  
  100  9:02  Roach x3  
  104  9:07  Roach x2  
  104  9:08  Hydralisk x2, Roach x3  
  80  9:18  Zerg Missile Weapons Level 2  
  80  9:20  Zerg Ground Armor Level 2  
  80  9:26  Drone x4  
  84  9:48  Queen  
  84  9:49  Drone  
  84  9:50  Drone, Roach x2  
  84  9:51  Hydralisk, Roach x3  
  100  10:03  Hydralisk x4  
  100  10:04  Hydralisk  
  110  10:10  Ravager  
  110  10:11  Ravager x3  
  102  10:26  Roach x3  
  102  10:27  Roach x3  
  101  11:06  Hatchery  
  100  11:23  Hydralisk x3, Roach x2  
  100  11:24  Hydralisk x3  
  116  11:30  Overlord x3  
  116  11:48  Overlord x2  
  116  11:58  Infestation Pit  
  119  12:08  Hydralisk x2, Roach x3  
  119  12:09  Hydralisk x4  
  133  12:16  Overlord  
  133  12:19  Overseer  
  133  12:20  Overseer  
  133  12:50  Drone  
  133  12:51  Drone x3  
  137  12:52  Roach x2  
  137  12:57  Queen  
  143  13:17  Hydralisk x2  
  147  13:23  Extractor  
  147  13:26  Extractor  
  145  13:39  Roach  
  145  13:40  Roach x4  
  155  13:42  Roach  
  157  13:51  Roach x3  
  157  13:52  Hydralisk  
  165  14:02  Roach x2  
  169  14:10  Overlord x3  
  169  14:38  Hydralisk x4  
  169  14:39  Hydralisk x5  
  187  14:59  Roach x2  
  191  15:00  Roach  
  191  15:03  Ravager  
  191  15:04  Overlord x2  
  191  15:05  Overlord  
  194  15:38  Hatchery, Roach x3  
  199  16:24  Hive  
  199  16:53  Drone  
  193  17:14  Roach x5  
  109  17:23  Roach x4  
  109  17:24  Roach x5  
  109  17:25  Roach x17  
  109  17:27  Roach  
  115  17:50  Roach x2  
  115  17:51  Roach  
  117  17:56  Roach  
  117  18:05  Drone x3  
  120  18:08  Drone  
  121  18:16  Queen  
  107  18:38  Roach x4  
  107  18:39  Roach  
Tags
 
Add a new tag
Caveats
  • Supply blocks, unpowered buildings, or Contaminate may cause inaccurate times.
  • Supply counts are checked every 10 seconds.